 Dungeon Crawl Stone Soup version 0.21.1-1-g345015f (webtiles) character file.

295 prawnwizard the Sneak (level 6, -3/30 HPs)
             Began as a Spriggan Enchanter on June 26, 2018.
             Was an Initiate of Okawaru.
             Slain by Edmund
             ... wielding a +0 dire flail of protection
              (12 damage)
             ... on level 4 of the Dungeon.
             The game lasted 00:25:53 (4360 turns).

prawnwizard the Sneak (Spriggan Enchanter)          Turns: 4360, Time: 00:25:54

Health: -3/30      AC:  2    Str:  4    XL:     6   Next: 11%
Magic:  7/12       EV: 20    Int: 17    God:    Okawaru [......]
Gold:   211        SH:  0    Dex: 18    Spells: 6/12 levels left

rFire    . . .     SeeInvis +   a - +2 dagger
rCold    . . .     Gourm    .   (shield restricted)
rNeg     . . .     Faith    .   b - +0 robe
rPois    .         Spirit   .   (helmet restricted)
rElec    .         Reflect  .   (no cloak)
rCorr    .         Harm     .   (gloves unavailable)
MR       +....                  (boots unavailable)
Stlth    ++++......             (no amulet)
HPRegen  0.10/turn              (no ring)
MPRegen  0.13/turn              (no ring)

@: very quick
A: very small, unfitting armour, see invisible, herbivore, speed 3, slow
metabolism 2
a: Renounce Religion


You were on level 4 of the Dungeon.
You worshipped Okawaru.
Okawaru was noncommittal.
You were not hungry.

You visited 1 branch of the dungeon, and saw 4 of its levels.

You collected 211 gold pieces.

Inventory:

Hand Weapons
 a - a +2 dagger (weapon)
Missiles
 l - 15 poisoned needles
Armour
 b - a +0 robe (worn)
Scrolls
 e - 2 scrolls of teleportation
 h - 2 scrolls of remove curse
 i - 2 scrolls of identify
 m - a scroll of fear
 o - a scroll of enchant weapon
 p - a scroll of magic mapping
 q - a scroll of enchant armour {unknown}
 r - a scroll of immolation {unknown}
Potions
 f - a potion of heal wounds {unknown}
 g - a potion of magic
 j - 2 potions of agility {unknown}
 k - a potion of lignification {unknown}
 n - a potion of curing {unknown}
Books
 c - a book of Maledictions

   Spells                             Type                      Level
   a - Corona                         Hexes                        1
   b - Ensorcelled Hibernation        Hexes/Ice                    2
   c - Confuse                        Hexes                        3
   d - Tukima's Dance                 Hexes                        3
   e - Dazzling Spray                 Conjuration/Hexes            3
Comestibles
 d - 4 rations


   Skills:
 + Level 1.0 Fighting
 * Level 3.4 Short Blades
 + Level 4.4 Dodging
 + Level 6.7 Stealth
 + Level 3.5 Spellcasting
 + Level 4.5 Hexes
 - Level 0.6 Ice Magic


You had 6 spell levels left.
You knew the following spells:

 Your Spells              Type           Power        Failure   Level  Hunger
a - Corona                Hex            ###....      2%          1    None
b - Ensorcelled Hibernat  Hex/Ice        ##....       9%          2    ##.....
c - Dazzling Spray        Conj/Hex       ##....       21%         3    ###....


Dungeon Overview and Level Annotations

Branches:
Dungeon (4/15)
 Temple: D:4-7

Altars:
Okawaru

Annotations:
D:4 Edmund


Innate Abilities, Weirdness & Mutations

You are very small and have problems with some larger weapons.
You are too small for most types of armour.
You have supernaturally acute eyesight. (SInv)
You are a herbivore.
You cover ground extremely quickly.
You need consume almost no food.


Message History

Edmund is severely wounded.
You hit Edmund but do no damage.
Edmund is severely wounded.
Edmund closely misses you.
You hit Edmund.
Edmund is severely wounded.
Edmund is no longer blind.
Edmund misses you.
You barely miss Edmund.
Edmund is severely wounded.
Edmund hits you with a dire flail of protection!
You closely miss Edmund.
Edmund is severely wounded.
You hit Edmund.
Edmund is almost dead.
Edmund hits you with a dire flail of protection.
* * * LOW HITPOINT WARNING * * *
You hit Edmund.
Edmund is almost dead.
Edmund hits you with a dire flail of protection!
You die...

....................>....#
#######.#.###.###.##.#....
########.#.###.# #.##.##..#
#..............###....#...#
#.#######..#..............#
#.................#
#...####.####.##..#
#........# #.....#
#.@....#.# #.....#
#.@###.#$# ##.#..#
#........# #.##.#
##.###.#.# #.##.÷ #.# #
#.###. #######.# ###..##.
........# #......)
######...# ≈≈###### #.....
#


You could see Edmund.

Vanquished Creatures
  A scorpion (D:2)
  An iguana (D:4)
  Terence (D:2)
  Robin (D:2)
  6 adders
  An ooze (D:1)
  4 worms
  A dart slug (D:1)
  6 leopard geckos
  6 orcs
  3 bats
  5 giant cockroaches
  18 goblins
  12 hobgoblins
  8 jackals (D:1)
  2 quokkas (D:2)
  A ball python (D:4)
  6 frilled lizards
  8 kobolds
  8 rats
99 creatures vanquished.

Notes
Turn   | Place    | Note
-------+----------+-------------------------------------------
     0 | D:1      | prawnwizard the Spriggan Enchanter began the quest for the Orb.
     0 | D:1      | Reached XP level 1. HP: 9/9 MP: 5/5
   409 | D:1      | Reached XP level 2. HP: 13/13 MP: 6/6
   443 | D:1      | Learned a level 2 spell: Ensorcelled Hibernation
   932 | D:1      | Reached XP level 3. HP: 11/16 MP: 8/8
  1439 | D:1      | Learned a level 3 spell: Dazzling Spray
  1503 | D:2      | Noticed a scorpion
  1506 | D:2      | Killed a scorpion
  1506 | D:2      | Reached skill level 5 in Stealth
  1506 | D:2      | Reached XP level 4. HP: 21/21 MP: 6/9
  2157 | D:2      | Noticed Robin
  2161 | D:2      | Killed Robin
  2161 | D:2      | Reached XP level 5. HP: 25/25 MP: 7/10
  2191 | D:2      | Reached skill level 6 in Stealth
  2655 | D:2      | Noticed Terence
  2663 | D:2      | Killed Terence
  2814 | D:3      | Found an iron altar of Okawaru.
  2860 | D:3      | Became a worshipper of Warmaster Okawaru
  3189 | D:3      | Reached skill level 1 in Fighting
  3863 | D:4      | Reached XP level 6. HP: 30/30 MP: 7/12
  4324 | D:4      | Noticed Edmund
  4360 | D:4      | Slain by Edmund

Skill      XL: |  1  2  3  4  5 |
---------------+----------------+-----
Hexes          | 4 |  4.5
Short Blades   | 2 3 |  3.4
Dodging        | 4 |  4.4
Stealth        | 5 6 |  6.7
Spellcasting   | 3 |  3.5
Fighting       | 1 |  1.0
Ice Magic      | |  0.6

Action                   |  1- 3 |  4- 6 || total
-------------------------+-------+-------++-------
Melee: Dagger            |   172 |   281 ||   453
 Cast: Ensorcelled Hiber |     9 |    22 ||    31
       Dazzling Spray    |       |     3 ||     3
  Use: Scroll            |     5 |     2 ||     7
 Stab: Sleeping          |    11 |    27 ||    38
       Distracted        |       |     1 ||     1
       Invisible         |       |     1 ||     1
  Eat: Ration            |       |     2 ||     2
Armor: Robe              |    20 |     7 ||    27
Dodge: Dodged            |   161 |   201 ||   362
